Senateurs vs Nordiques

Created - 17 décembre 2016 at 10:07

Goals
1 2 3 T
Senateurs 2 1 1 4
Nordiques 0 1 0 1
Shots
1 2 3 T
Senateurs 12 23 4 39
Nordiques 7 17 5 29

1st period

1. Senateurs , Gilbert Brule 9 (Dan Hamhuis) at 6:24
2. Senateurs , Milan Hejduk 2 (Darcy Hordichuk, Carlo Colaiacovo) at 7:48

Penalties :
Fedor Tyutin (Que) for Hooking (Minor) at 9:24

2nd period

3. Senateurs , Gilbert Brule 10 (Dan Hamhuis) at 6:58
4. Nordiques , Jarret Stoll 4 (Matt Moulson, Michael Ryder) at 12:49

Penalties :
Carlo Colaiacovo (Ott) for Hooking (Minor) at 2:30, Dmitry Kulikov (Que) for Hooking (Minor) at 13:51

3rd period

5. Senateurs , Thomas Vanek 17 (Johan Franzen, Gilbert Brule) at 19:40

Penalties :
Andy McDonald (Ott) for Hooking (Minor) at 5:45, Vaclav Prospal (Que) for Hooking (Minor) at 11:00

Goalie Stats

Ondrej Pavelec (Ott), 28 saves from 29 shots - (0,966), W, 10-6-2, 60:00 minutes
Martin Brodeur (Que), 35 saves from 39 shots - (0,897), L, 9-5-1, 60:00 minutes

Players Stats for Senateurs

Player Name              G  A  P  +/- PIM S  H  SB GA TA FO     MP     PP MP  PK MP  
------------------------------------------------------------------------------------
Andrew Ebbett            0  0  0  -1  0   0  0  0  2  0  1/1     9:08   0:00   1:06 
Andy McDonald            0  0  0  -1  2   1  0  0  1  0  2/2     8:38   0:00   0:12 
B.J. Crombeen            0  0  0   0  0   3  2  0  0  1  0/2    14:51   2:40   0:00 
Brad Richards            0  0  0   0  0   5  0  0  0  0  7/15   16:11   2:40   0:52 
Brandon Dubinsky         0  0  0   1  0   0  0  0  0  0  4/7    12:28   0:00   0:00 
Brenden Morrow           0  0  0   0  0   2  2  0  1  0  0/0    16:38   2:40   1:19 
Carlo Colaiacovo         0  1  1   1  2   1  0  0  0  0  0/0    18:57   2:26   0:54 
Dan Girardi              0  0  0   0  0   0  0  1  0  1  0/0    14:09   0:00   0:07 
Dan Hamhuis              0  2  2   2  0   1  3  2  0  0  0/0    26:38   3:31   2:14 
Darcy Hordichuk          0  1  1   1  0   1  2  1  1  0  0/0    13:13   0:00   0:04 
George Parros            0  0  0  -1  0   1  3  0  0  1  0/0     7:46   0:00   0:00 
Gilbert Brule            2  1  3   3  0   6  2  1  2  0  17/35  22:26   3:17   2:13 
Johan Franzen            0  1  1   3  0   3  2  0  0  1  1/3    19:48   3:17   0:00 
Kurtis Foster            0  0  0   2  0   1  2  1  0  0  0/0    26:38   3:31   2:14 
Milan Hejduk             1  0  1   1  0   6  3  1  0  0  0/0    12:28   0:00   0:00 
Thomas Vanek             1  0  1   3  0   4  2  0  2  0  0/0    21:58   3:17   2:10 
Vitaly Vishnevsky        0  0  0   1  0   4  1  1  0  0  0/0    19:48   2:26   1:44 
Vladimir Mihalik         0  0  0   0  0   0  3  1  0  0  0/0    14:17   0:00   0:43 

Players Stats for Nordiques

Player Name              G  A  P  +/- PIM S  H  SB GA TA FO     MP     PP MP  PK MP  
------------------------------------------------------------------------------------
Chris Drury              0  0  0  -1  0   3  3  2  1  0  16/30  21:43   2:09   3:09 
Dmitry Kulikov           0  0  0  -1  2   0  1  1  0  1  0/0    20:01   1:25   1:30 
Dustin Byfuglien         0  0  0  -2  0   2  4  2  1  0  0/0    24:59   2:33   0:05 
Fedor Tyutin             0  0  0  -2  2   2  2  2  0  2  0/0    24:59   2:33   0:00 
Jarret Stoll             1  0  1  -1  0   1  4  0  0  0  4/8    14:16   0:00   2:09 
Jean-Pierre Dumont       0  0  0  -1  0   2  1  0  0  0  2/2    18:10   1:49   0:00 
Kyle Calder              0  0  0  -1  0   2  2  3  0  0  0/0    17:10   1:49   1:27 
Matt Moulson             0  1  1  -1  0   3  2  0  0  0  0/0    13:08   0:10   0:00 
Michael Ryder            0  1  1  -1  0   0  0  1  0  0  0/0    12:16   0:10   0:00 
Nikita Kucherov          0  0  0  -1  0   2  0  0  0  0  1/1    15:55   1:59   0:00 
Niklas Kronwall          0  0  0   0  0   3  1  4  0  1  0/0    14:37   0:00   3:54 
Nikolai Kulemin          0  0  0   0  0   0  0  0  0  1  0/0     7:12   0:00   0:00 
Pascal Dupuis            0  0  0   0  0   0  0  1  0  0  4/6    10:32   0:00   3:19 
R.J. Umberger            0  0  0  -1  0   2  1  1  0  2  0/4    18:11   1:59   0:00 
Rich Peverley            0  0  0   0  0   3  0  0  0  0  0/2     9:24   0:00   1:50 
Ryan Ellis               0  0  0  -1  0   3  0  1  1  1  0/0    20:30   1:25   2:03 
T.J. Fast                0  0  0   0  0   0  0  2  0  1  0/0    15:00   0:00   4:22 
Vaclav Prospal           0  0  0  -1  2   1  2  1  1  0  6/12   15:57   1:49   0:00 

3 Stars

1 - Gilbert Brule (Ott)
2 - Thomas Vanek (Ott)
3 - Dan Hamhuis (Ott)

Power Play

Senateurs - 0 on 3 Attempt(s) - 0,00%
Nordiques - 0 on 2 Attempt(s) - 0,00%

Penalty Kill

Senateurs - 2 on 2 Attempt(s) - 100,00% - Score 0 goal in Penalty Kill
Nordiques - 3 on 3 Attempt(s) - 100,00% - Score 0 goal in Penalty Kill

Team Stat

Senateurs - Hits : 27 - Faceoff Wins : 32 - Blocked Shots : 9 - Penalty Minutes : 4
Nordiques - Hits : 23 - Faceoff Wins : 33 - Blocked Shots : 21 - Penalty Minutes : 6

Official

Referees : Fraser Kerry and Kowal Tom
Linesman : Bryan Pancich and David Brisebois

Game Notes

No Game Note

Finance

Level 1 -- Attendance: 4233 (70,55%) -- Ticket Income 423 300 $
Level 2 -- Attendance: 3499 (69,98%) -- Ticket Income 209 940 $
Level 3 -- Attendance: 1206 (60,30%) -- Ticket Income 49 446 $
Level 4 -- Attendance: 2577 (64,43%) -- Ticket Income 77 310 $
Luxury Box -- Attendance: 895 (89,50%) -- Ticket Income 143 200 $
Game was played at the Centre Videotron.
Total Attendance: 12410 (68,94%)
Total Ticket Income: 903 196 $
Other Income: 135 479 $
Total Income: 1 038 675 $

Senateurs

5 vs 5 Forward 
   Center                   Left Wing                Right Wing               Time % Phy DF OF 
 1 Gilbert Brule            Thomas Vanek             Johan Franzen            40     1   2  2  
 2 Brad Richards            Brenden Morrow           B.J. Crombeen            30     1   2  2  
 3 Brandon Dubinsky         Darcy Hordichuk          Milan Hejduk             20     1   2  2  
 4 Andrew Ebbett            Andy McDonald            George Parros            10     1   2  2  

5 vs 5 Defense 
   Defense                  Defense                                           Time % Phy DF OF 
 1 Kurtis Foster            Dan Hamhuis                                       40     1   2  2  
 2 Vitaly Vishnevsky        Carlo Colaiacovo                                  30     1   2  2  
 3 Dan Girardi              Vladimir Mihalik                                  20     1   2  2  
 4 Kurtis Foster            Dan Hamhuis                                       10     1   2  2  

PowerPlay Forward 
   Center                   Left Wing                Right Wing               Time % Phy DF OF 
 1 Gilbert Brule            Thomas Vanek             Johan Franzen            60     1   1  3  
 2 Brad Richards            Brenden Morrow           B.J. Crombeen            40     1   1  3  

PowerPlay Defense
   Defense                  Defense                                           Time % Phy DF OF 
 1 Kurtis Foster            Dan Hamhuis                                       60     1   2  2  
 2 Vitaly Vishnevsky        Carlo Colaiacovo                                  40     1   2  2  

Penalty Kill 4 Players Forward 
   Center                   Wing                     Time % Phy DF OF 
 1 Gilbert Brule            Thomas Vanek             60     1   2  2  
 2 Brad Richards            Brenden Morrow           40     1   2  2  

Penalty Kill 4 Players Defense
   Defense                  Defense                  Time % Phy DF OF 
 1 Kurtis Foster            Dan Hamhuis              60     1   2  2  
 2 Vitaly Vishnevsky        Carlo Colaiacovo         40     1   2  2  

Penalty Kill - 3 Players Forward 
   Forward                                           Time % Phy DF OF 
 1 Gilbert Brule                                     60     1   2  2  
 2 Thomas Vanek                                      40     1   2  2  

Penalty Kill - 3 Players Defense
   Defense                  Defense                  Time % Phy DF OF 
 1 Kurtis Foster            Dan Hamhuis              60     1   2  2  
 2 Vitaly Vishnevsky        Carlo Colaiacovo         40     1   2  2  

4 vs 4 Forward 
   Center                   Wing                     Time % Phy DF OF 
 1 Gilbert Brule            Thomas Vanek             60     1   2  2  
 2 Brad Richards            Brenden Morrow           40     1   2  2  

4 vs 4 Defense
   Defense                  Defense                  Time % Phy DF OF 
 1 Kurtis Foster            Dan Hamhuis              60     1   2  2  
 2 Vitaly Vishnevsky        Carlo Colaiacovo         40     1   2  2  

Last Minutes Offensive
   Center                   Left Wing                Right Wing               Defense                  Defense                  
   Gilbert Brule            Thomas Vanek             Johan Franzen            Kurtis Foster            Dan Hamhuis              

Last Minutes Defensive
   Center                   Left Wing                Right Wing               Defense                  Defense                  
   Gilbert Brule            Thomas Vanek             Johan Franzen            Kurtis Foster            Dan Hamhuis              

Goaltenders
Starting : Ondrej Pavelec           
Backup : Jonas Gustavsson         

Extra Forwards
Normal : Darcy Hordichuk, Andy McDonald, Andrew Ebbett - PP : Darcy Hordichuk, Andy McDonald - PK : Andrew Ebbett
Extra Defensemen
Normal : Dan Girardi, Vladimir Mihalik, Vitaly Vishnevsky - PP : Dan Girardi - PK : Vladimir Mihalik, Vitaly Vishnevsky
Penalty Shots
Gilbert Brule, Thomas Vanek, Brad Richards, Brenden Morrow, Johan Franzen

Nordiques

5 vs 5 Forward 
   Center                   Left Wing                Right Wing               Time % Phy DF OF 
 1 Chris Drury              R.J. Umberger            Jean-Pierre Dumont       40     0   0  5  
 2 Vaclav Prospal           Kyle Calder              Nikita Kucherov          30     0   0  5  
 3 Jarret Stoll             Matt Moulson             Michael Ryder            20     0   0  5  
 4 Rich Peverley            Nikolai Kulemin          Pascal Dupuis            10     0   0  5  

5 vs 5 Defense 
   Defense                  Defense                                           Time % Phy DF OF 
 1 Fedor Tyutin             Dustin Byfuglien                                  40     1   1  3  
 2 Ryan Ellis               Dmitry Kulikov                                    30     1   1  3  
 3 T.J. Fast                Niklas Kronwall                                   20     1   3  1  
 4 Fedor Tyutin             Dustin Byfuglien                                  10     1   1  3  

PowerPlay Forward 
   Center                   Left Wing                Right Wing               Time % Phy DF OF 
 1 Chris Drury              R.J. Umberger            Nikita Kucherov          60     0   0  5  
 2 Vaclav Prospal           Kyle Calder              Jean-Pierre Dumont       40     0   0  5  

PowerPlay Defense
   Defense                  Defense                                           Time % Phy DF OF 
 1 Fedor Tyutin             Dustin Byfuglien                                  60     1   0  4  
 2 Ryan Ellis               Dmitry Kulikov                                    40     1   0  4  

Penalty Kill 4 Players Forward 
   Center                   Wing                     Time % Phy DF OF 
 1 Pascal Dupuis            Chris Drury              60     1   3  1  
 2 Jarret Stoll             Rich Peverley            40     1   3  1  

Penalty Kill 4 Players Defense
   Defense                  Defense                  Time % Phy DF OF 
 1 T.J. Fast                Niklas Kronwall          60     2   3  0  
 2 Ryan Ellis               Dmitry Kulikov           40     2   3  0  

Penalty Kill - 3 Players Forward 
   Forward                                           Time % Phy DF OF 
 1 Pascal Dupuis                                     60     1   4  0  
 2 Jarret Stoll                                      40     2   3  0  

Penalty Kill - 3 Players Defense
   Defense                  Defense                  Time % Phy DF OF 
 1 T.J. Fast                Niklas Kronwall          60     1   4  0  
 2 Dustin Byfuglien         Dmitry Kulikov           40     1   4  0  

4 vs 4 Forward 
   Center                   Wing                     Time % Phy DF OF 
 1 Chris Drury              Jean-Pierre Dumont       60     1   1  3  
 2 Vaclav Prospal           Nikita Kucherov          40     1   1  3  

4 vs 4 Defense
   Defense                  Defense                  Time % Phy DF OF 
 1 Ryan Ellis               Dmitry Kulikov           60     1   3  1  
 2 Fedor Tyutin             Dustin Byfuglien         40     1   3  1  

Last Minutes Offensive
   Center                   Left Wing                Right Wing               Defense                  Defense                  
   Chris Drury              R.J. Umberger            Nikita Kucherov          Ryan Ellis               Dmitry Kulikov           

Last Minutes Defensive
   Center                   Left Wing                Right Wing               Defense                  Defense                  
   Pascal Dupuis            Rich Peverley            Vaclav Prospal           T.J. Fast                Niklas Kronwall          

Goaltenders
Starting : Martin Brodeur           
Backup : Julien Ellis             

Extra Forwards
Normal : Chris Drury, Nikita Kucherov, R.J. Umberger - PP : Chris Drury, Jean-Pierre Dumont - PK : Rich Peverley
Extra Defensemen
Normal : Fedor Tyutin, Ryan Ellis, Dustin Byfuglien - PP : Fedor Tyutin - PK : Dmitry Kulikov, T.J. Fast
Penalty Shots
R.J. Umberger, Chris Drury, Vaclav Prospal, Jean-Pierre Dumont, Kyle Calder

% Time on Ice - Senateurs

Lines # - Real PCT - Wanted PCT - Time Play
Normal Forward
1 - 34% - 40% - 17:12
2 - 25% - 30% - 12:39
3 - 25% - 20% - 12:28
4 - 16% - 10% - 7:46
Normal Defense
1 - 38% - 40% - 18:56
2 - 31% - 30% - 15:38
3 - 27% - 20% - 13:34
4 - 4% - 10% - 1:57
PP Forward
1 - 55% - 60% - 3:17
2 - 45% - 40% - 2:40
PP Defense
1 - 59% - 60% - 3:31
2 - 41% - 40% - 2:26
PK Forward
1 - 78% - 60% - 3:06
2 - 22% - 40% - 0:52
PK Defense
1 - 56% - 60% - 2:14
2 - 44% - 40% - 1:44
PK3 Forward
1 - 0% - 60%
2 - 0% - 40%
PK3 Defense
1 - 0% - 60%
2 - 0% - 40%
44 Forward
1 - 0% - 60%
2 - 0% - 40%
44 Defense
1 - 0% - 60%
2 - 0% - 40%
Last Minute Offensive  - 0:00
Last Minute Defensive  - 0:00
Total
Forward - 60:00
Defense - 60:00

% Time on Ice - Nordiques

Lines # - Real PCT - Wanted PCT - Time Play
Normal Forward
1 - 33% - 40% - 16:36
2 - 29% - 30% - 14:31
3 - 23% - 20% - 11:46
4 - 14% - 10% - 7:12
Normal Defense
1 - 40% - 40% - 20:06
2 - 34% - 30% - 17:07
3 - 21% - 20% - 10:38
4 - 4% - 10% - 2:14
PP Forward
1 - 54% - 60% - 2:09
2 - 46% - 40% - 1:49
PP Defense
1 - 64% - 60% - 2:33
2 - 36% - 40% - 1:25
PK Forward
1 - 80% - 60% - 4:47
2 - 20% - 40% - 1:10
PK Defense
1 - 66% - 60% - 3:54
2 - 34% - 40% - 2:03
PK3 Forward
1 - 0% - 60%
2 - 0% - 40%
PK3 Defense
1 - 0% - 60%
2 - 0% - 40%
44 Forward
1 - 0% - 60%
2 - 0% - 40%
44 Defense
1 - 0% - 60%
2 - 0% - 40%
Last Minute Offensive  - 0:00
Last Minute Defensive  - 0:00
Total
Forward - 60:00
Defense - 60:00

Play by Play

1st period


0:01 of 1st period - Gilbert Brule wins face-off versus Chris Drury in neutral zone.
0:32 of 1st period - Wrist shot by Brenden Morrow.
0:32 of 1st period - Shot Misses the Net.
0:34 of 1st period - Slapshot by Brad Richards.
0:34 of 1st period - Shot Misses the Net.
2:08 of 1st period - Jarret Stoll is hit by Milan Hejduk.
2:13 of 1st period - Off-side.
2:14 of 1st period - Brandon Dubinsky wins face-off versus Chris Drury in neutral zone.
2:35 of 1st period - Icing by T.J. Fast.
2:36 of 1st period - Gilbert Brule wins face-off versus Chris Drury in Nordiques zone.
2:57 of 1st period - Wrist shot by Chris Drury.
2:57 of 1st period - Stopped by Ondrej Pavelec without a rebound.
2:58 of 1st period - Vaclav Prospal wins face-off versus Brad Richards in Senateurs zone.
3:25 of 1st period - Dan Girardi is hit by Matt Moulson and loses puck.
4:09 of 1st period - Wrist shot by Andy McDonald.
4:09 of 1st period - Stopped by Martin Brodeur with a rebound.
4:11 of 1st period - Slapshot by Carlo Colaiacovo.
4:11 of 1st period - Stopped by Martin Brodeur without a rebound.
4:12 of 1st period - Gilbert Brule wins face-off versus Chris Drury in Nordiques zone.
4:13 of 1st period - Wrist shot by Thomas Vanek.
4:13 of 1st period - Shot Misses the Net.
4:44 of 1st period - Slapshot by Vitaly Vishnevsky.
4:44 of 1st period - Deflect By Brad Richards.
4:44 of 1st period - Stopped by Martin Brodeur without a rebound.
4:45 of 1st period - Gilbert Brule wins face-off versus Vaclav Prospal in Nordiques zone.
4:48 of 1st period - Snap shot by Gilbert Brule.
4:48 of 1st period - Deflect By Thomas Vanek.
4:48 of 1st period - Shot Blocked by Niklas Kronwall.
4:48 of 1st period - Puck is out of play.
4:49 of 1st period - Gilbert Brule wins face-off versus Vaclav Prospal in Nordiques zone.
4:50 of 1st period - Wrist shot by Thomas Vanek.
4:50 of 1st period - Shot Misses the Net.
5:42 of 1st period - Wrist shot by Rich Peverley.
5:42 of 1st period - Stopped by Ondrej Pavelec with a rebound.
5:44 of 1st period - Snap shot by Pascal Dupuis.
5:44 of 1st period - Shot Misses the Net.
6:12 of 1st period - Icing by Kurtis Foster.
6:13 of 1st period - Gilbert Brule wins face-off versus Vaclav Prospal in Senateurs zone.
6:24 of 1st period - Wrist shot by Gilbert Brule.
6:24 of 1st period - Goal by Gilbert Brule - Senateurs : 1 - Nordiques : 0.
6:25 of 1st period - Jean-Pierre Dumont wins face-off versus Brad Richards in neutral zone.
6:32 of 1st period - Dustin Byfuglien is hit by Dan Hamhuis and loses puck.
6:51 of 1st period - Johan Franzen is hit by Dustin Byfuglien and loses puck.
7:38 of 1st period - Slapshot by Vitaly Vishnevsky.
7:38 of 1st period - Stopped by Martin Brodeur with a rebound.
7:48 of 1st period - Wrist shot by Milan Hejduk.
7:48 of 1st period - Goal by Milan Hejduk - Senateurs : 2 - Nordiques : 0.
7:49 of 1st period - Brad Richards wins face-off versus Chris Drury in neutral zone.
7:52 of 1st period - Fedor Tyutin is hit by B.J. Crombeen and loses puck.
8:22 of 1st period - Icing by Fedor Tyutin.
8:23 of 1st period - Chris Drury wins face-off versus Gilbert Brule in Nordiques zone.
8:36 of 1st period - Snap shot by R.J. Umberger.
8:36 of 1st period - Shot Blocked by Dan Girardi.
8:47 of 1st period - Slapshot by Chris Drury.
8:47 of 1st period - Stopped by Ondrej Pavelec without a rebound.
8:48 of 1st period - Brad Richards wins face-off versus Vaclav Prospal in Senateurs zone.
8:48 of 1st period - Brad Richards is hit by Kyle Calder.
8:53 of 1st period - Off-side.
8:54 of 1st period - Brad Richards wins face-off versus Vaclav Prospal in neutral zone.
9:05 of 1st period - Backhand shot by Brenden Morrow.
9:05 of 1st period - Shot Misses the Net.
9:07 of 1st period - Wrist shot by Brenden Morrow.
9:07 of 1st period - Shot Blocked by Kyle Calder.
9:11 of 1st period - Wrist shot by Brad Richards.
9:11 of 1st period - Shot Misses the Net.
9:13 of 1st period - Wrist shot by Dan Hamhuis.
9:13 of 1st period - Deflect By Brad Richards.
9:13 of 1st period - Stopped by Martin Brodeur without a rebound.
9:14 of 1st period - Johan Franzen wins face-off versus Chris Drury in Nordiques zone.
9:24 of 1st period - Minor Penalty to Fedor Tyutin for Hooking.
9:25 of 1st period - Gilbert Brule wins face-off versus Pascal Dupuis in Nordiques zone.
9:51 of 1st period - Chris Drury is hit by Dan Hamhuis.
10:01 of 1st period - Snap shot by Brenden Morrow.
10:01 of 1st period - Stopped by Martin Brodeur with a rebound.
11:15 of 1st period - B.J. Crombeen is hit by Jarret Stoll and loses puck.
11:24 of 1st period - Penalty to Fedor Tyutin is over, Fedor Tyutin is back on ice.
11:51 of 1st period - Icing by Andy McDonald.
11:52 of 1st period - Andy McDonald wins face-off versus R.J. Umberger in Senateurs zone.
12:01 of 1st period - Slapshot by Vitaly Vishnevsky.
12:01 of 1st period - Shot Misses the Net.
12:07 of 1st period - Slapshot by Andy McDonald.
12:07 of 1st period - Shot Misses the Net.
12:17 of 1st period - Darcy Hordichuk is hit by Fedor Tyutin and loses puck.
12:24 of 1st period - Snap shot by Kyle Calder.
12:24 of 1st period - Stopped by Ondrej Pavelec with a rebound.
12:34 of 1st period - Niklas Kronwall is hit by Kurtis Foster and loses puck.
12:59 of 1st period - Slapshot by Pascal Dupuis.
12:59 of 1st period - Shot Misses the Net.
14:43 of 1st period - Wrist shot by Thomas Vanek.
14:43 of 1st period - Stopped by Martin Brodeur with a rebound.
14:45 of 1st period - Snap shot by Gilbert Brule.
14:45 of 1st period - Deflect By Johan Franzen.
14:45 of 1st period - Stopped by Martin Brodeur without a rebound.
14:46 of 1st period - Chris Drury wins face-off versus Brad Richards in Nordiques zone.
15:33 of 1st period - Wrist shot by Matt Moulson.
15:33 of 1st period - Stopped by Ondrej Pavelec with a rebound.
15:39 of 1st period - Matt Moulson is hit by George Parros and loses puck.
16:38 of 1st period - Slapshot by Vaclav Prospal.
16:38 of 1st period - Stopped by Ondrej Pavelec with a rebound.
16:40 of 1st period - Wrist shot by Kyle Calder.
16:40 of 1st period - Stopped by Ondrej Pavelec without a rebound.
16:41 of 1st period - Gilbert Brule wins face-off versus Vaclav Prospal in Senateurs zone.
17:06 of 1st period - Gilbert Brule is hit by Niklas Kronwall and loses puck.
17:17 of 1st period - Snap shot by Gilbert Brule.
17:17 of 1st period - Stopped by Martin Brodeur without a rebound.
17:18 of 1st period - Brad Richards wins face-off versus Chris Drury in Nordiques zone.
17:19 of 1st period - Snap shot by B.J. Crombeen.
17:19 of 1st period - Shot Blocked by Dustin Byfuglien.
17:21 of 1st period - Slapshot by Vitaly Vishnevsky.
17:21 of 1st period - Stopped by Martin Brodeur with a rebound.
17:52 of 1st period - Wrist shot by Milan Hejduk.
17:52 of 1st period - Shot Blocked by Kyle Calder.
19:12 of 1st period - Niklas Kronwall is hit by Darcy Hordichuk and loses puck.
19:27 of 1st period - Thomas Vanek is hit by Jarret Stoll and loses puck.
19:54 of 1st period - Chris Drury is hit by George Parros and loses puck.
Goals for this period are 2 for Senateurs vs 0 for Nordiques.
Shots for this period are 12 for Senateurs vs 7 for Nordiques.

2nd period


0:01 of 2nd period - Chris Drury wins face-off versus Johan Franzen in neutral zone.
0:05 of 2nd period - Off-side.
0:06 of 2nd period - Chris Drury wins face-off versus Gilbert Brule in neutral zone.
0:11 of 2nd period - Wrist shot by Jean-Pierre Dumont.
0:11 of 2nd period - Stopped by Ondrej Pavelec with a rebound.
0:13 of 2nd period - Backhand shot by Fedor Tyutin.
0:13 of 2nd period - Shot Misses the Net.
0:15 of 2nd period - Slapshot by Fedor Tyutin.
0:15 of 2nd period - Deflect By Johan Franzen.
0:15 of 2nd period - Stopped by Ondrej Pavelec without a rebound.
0:16 of 2nd period - Gilbert Brule wins face-off versus Chris Drury in Senateurs zone.
0:27 of 2nd period - Wrist shot by Gilbert Brule.
0:27 of 2nd period - Shot Blocked by Chris Drury.
1:15 of 2nd period - Snap shot by Michael Ryder.
1:15 of 2nd period - Shot Misses the Net.
1:35 of 2nd period - Wrist shot by Rich Peverley.
1:35 of 2nd period - Stopped by Ondrej Pavelec without a rebound.
1:36 of 2nd period - Gilbert Brule wins face-off versus Chris Drury in Senateurs zone.
1:36 of 2nd period - Gilbert Brule is hit by Chris Drury.
1:44 of 2nd period - Slapshot by Dan Hamhuis.
1:44 of 2nd period - Shot Blocked by Fedor Tyutin.
1:59 of 2nd period - Icing by Fedor Tyutin.
2:00 of 2nd period - Chris Drury wins face-off versus Brad Richards in Nordiques zone.
2:15 of 2nd period - Wrist shot by Brenden Morrow.
2:15 of 2nd period - Shot Blocked by Vaclav Prospal.
2:30 of 2nd period - Minor Penalty to Carlo Colaiacovo for Hooking.
2:31 of 2nd period - Gilbert Brule wins face-off versus Chris Drury in Senateurs zone.
4:30 of 2nd period - Penalty to Carlo Colaiacovo is over, Carlo Colaiacovo is back on ice.
4:32 of 2nd period - Brad Richards is hit by Dustin Byfuglien and loses puck.
4:43 of 2nd period - Wrist shot by Pascal Dupuis.
4:43 of 2nd period - Shot Misses the Net.
4:55 of 2nd period - Snap shot by Brenden Morrow.
4:55 of 2nd period - Stopped by Martin Brodeur with a rebound.
4:57 of 2nd period - Snap shot by Brad Richards.
4:57 of 2nd period - Stopped by Martin Brodeur without a rebound.
4:58 of 2nd period - Brandon Dubinsky wins face-off versus Jarret Stoll in Nordiques zone.
4:59 of 2nd period - Snap shot by Darcy Hordichuk.
4:59 of 2nd period - Stopped by Martin Brodeur with a rebound.
5:09 of 2nd period - Snap shot by Milan Hejduk.
5:09 of 2nd period - Stopped by Martin Brodeur with a rebound.
6:06 of 2nd period - Backhand shot by Gilbert Brule.
6:06 of 2nd period - Deflect By Thomas Vanek.
6:06 of 2nd period - Stopped by Martin Brodeur with a rebound.
6:16 of 2nd period - Wrist shot by Dmitry Kulikov.
6:16 of 2nd period - Shot Blocked by Milan Hejduk.
6:18 of 2nd period - Slapshot by Ryan Ellis.
6:18 of 2nd period - Stopped by Ondrej Pavelec without a rebound.
6:19 of 2nd period - Jarret Stoll wins face-off versus Brandon Dubinsky in Senateurs zone.
6:22 of 2nd period - Snap shot by Matt Moulson.
6:22 of 2nd period - Shot Misses the Net.
6:28 of 2nd period - Slapshot by Vitaly Vishnevsky.
6:28 of 2nd period - Stopped by Martin Brodeur with a rebound.
6:30 of 2nd period - Snap shot by Vitaly Vishnevsky.
6:30 of 2nd period - Shot Blocked by T.J. Fast.
6:32 of 2nd period - Wrist shot by Milan Hejduk.
6:32 of 2nd period - Stopped by Martin Brodeur with a rebound.
6:34 of 2nd period - Wrist shot by Milan Hejduk.
6:34 of 2nd period - Stopped by Martin Brodeur with a rebound.
6:44 of 2nd period - Snap shot by Milan Hejduk.
6:44 of 2nd period - Stopped by Martin Brodeur with a rebound.
6:46 of 2nd period - Snap shot by Dan Hamhuis.
6:46 of 2nd period - Shot Misses the Net.
6:48 of 2nd period - Slapshot by Kurtis Foster.
6:48 of 2nd period - Stopped by Martin Brodeur without a rebound.
6:49 of 2nd period - Jean-Pierre Dumont wins face-off versus Gilbert Brule in Nordiques zone.
6:58 of 2nd period - Snap shot by Gilbert Brule.
6:58 of 2nd period - Goal by Gilbert Brule - Senateurs : 3 - Nordiques : 0.
6:59 of 2nd period - Gilbert Brule wins face-off versus Chris Drury in neutral zone.
7:02 of 2nd period - Dustin Byfuglien is hit by Dan Hamhuis and loses puck.
7:07 of 2nd period - Backhand shot by Gilbert Brule.
7:07 of 2nd period - Stopped by Martin Brodeur with a rebound.
7:09 of 2nd period - Wrist shot by Thomas Vanek.
7:09 of 2nd period - Shot Blocked by R.J. Umberger.
7:11 of 2nd period - Wrist shot by Thomas Vanek.
7:11 of 2nd period - Shot Hit the Post.
7:13 of 2nd period - Slapshot by Johan Franzen.
7:13 of 2nd period - Deflect By Gilbert Brule.
7:13 of 2nd period - Shot Misses the Net.
7:13 of 2nd period - Puck is out of play.
7:14 of 2nd period - Vaclav Prospal wins face-off versus B.J. Crombeen in Nordiques zone.
7:23 of 2nd period - B.J. Crombeen is hit by Vaclav Prospal and loses puck.
7:37 of 2nd period - Icing by Dustin Byfuglien.
7:38 of 2nd period - Vaclav Prospal wins face-off versus Gilbert Brule in Nordiques zone.
7:42 of 2nd period - Off-side.
7:43 of 2nd period - Chris Drury wins face-off versus Gilbert Brule in neutral zone.
7:54 of 2nd period - Snap shot by R.J. Umberger.
7:54 of 2nd period - Stopped by Ondrej Pavelec with a rebound.
8:22 of 2nd period - Snap shot by Johan Franzen.
8:22 of 2nd period - Stopped by Martin Brodeur without a rebound.
8:23 of 2nd period - Chris Drury wins face-off versus Brad Richards in Nordiques zone.
8:23 of 2nd period - Chris Drury is hit by Kurtis Foster.
8:31 of 2nd period - Slapshot by Ryan Ellis.
8:31 of 2nd period - Stopped by Ondrej Pavelec without a rebound.
8:32 of 2nd period - Brad Richards wins face-off versus R.J. Umberger in Senateurs zone.
8:39 of 2nd period - R.J. Umberger is hit by B.J. Crombeen and loses puck.
8:52 of 2nd period - Slapshot by Brad Richards.
8:52 of 2nd period - Shot Blocked by Chris Drury.
8:54 of 2nd period - Wrist shot by Brad Richards.
8:54 of 2nd period - Stopped by Martin Brodeur with a rebound.
8:56 of 2nd period - Backhand shot by B.J. Crombeen.
8:56 of 2nd period - Stopped by Martin Brodeur without a rebound.
8:57 of 2nd period - Vaclav Prospal wins face-off versus Gilbert Brule in Nordiques zone.
8:57 of 2nd period - Vaclav Prospal is hit by Gilbert Brule.
9:13 of 2nd period - Snap shot by Nikita Kucherov.
9:13 of 2nd period - Stopped by Ondrej Pavelec without a rebound.
9:14 of 2nd period - Chris Drury wins face-off versus Brad Richards in Senateurs zone.
9:25 of 2nd period - Brenden Morrow is hit by Dustin Byfuglien and loses puck.
9:49 of 2nd period - Wrist shot by Kyle Calder.
9:49 of 2nd period - Shot Misses the Net.
10:03 of 2nd period - Snap shot by Rich Peverley.
10:03 of 2nd period - Stopped by Ondrej Pavelec without a rebound.
10:04 of 2nd period - Andrew Ebbett wins face-off versus Rich Peverley in Senateurs zone.
10:11 of 2nd period - Snap shot by George Parros.
10:11 of 2nd period - Stopped by Martin Brodeur without a rebound.
10:12 of 2nd period - Gilbert Brule wins face-off versus R.J. Umberger in Nordiques zone.
10:13 of 2nd period - Wrist shot by Thomas Vanek.
10:13 of 2nd period - Deflect By Fedor Tyutin.
10:13 of 2nd period - Stopped by Martin Brodeur with a rebound.
10:15 of 2nd period - Snap shot by Vitaly Vishnevsky.
10:15 of 2nd period - Stopped by Martin Brodeur with a rebound.
10:56 of 2nd period - Snap shot by Michael Ryder.
10:56 of 2nd period - Shot Blocked by Darcy Hordichuk.
10:58 of 2nd period - Slapshot by Dustin Byfuglien.
10:58 of 2nd period - Stopped by Ondrej Pavelec without a rebound.
10:59 of 2nd period - Brandon Dubinsky wins face-off versus Jarret Stoll in Senateurs zone.
11:09 of 2nd period - Vladimir Mihalik is hit by Dmitry Kulikov and loses puck.
11:46 of 2nd period - Snap shot by B.J. Crombeen.
11:46 of 2nd period - Stopped by Martin Brodeur with a rebound.
11:48 of 2nd period - Snap shot by Brad Richards.
11:48 of 2nd period - Shot Blocked by Niklas Kronwall.
11:52 of 2nd period - Snap shot by B.J. Crombeen.
11:52 of 2nd period - Shot Blocked by Niklas Kronwall.
11:54 of 2nd period - Wrist shot by B.J. Crombeen.
11:54 of 2nd period - Stopped by Martin Brodeur without a rebound.
11:55 of 2nd period - Chris Drury wins face-off versus Brad Richards in Nordiques zone.
12:47 of 2nd period - Slapshot by Matt Moulson.
12:47 of 2nd period - Stopped by Ondrej Pavelec with a rebound.
12:49 of 2nd period - Snap shot by Jarret Stoll.
12:49 of 2nd period - Deflect By Andy McDonald.
12:49 of 2nd period - Goal by Jarret Stoll - Senateurs : 3 - Nordiques : 1.
12:50 of 2nd period - Gilbert Brule wins face-off versus R.J. Umberger in neutral zone.
12:55 of 2nd period - Slapshot by Dan Hamhuis.
12:55 of 2nd period - Stopped by Martin Brodeur without a rebound.
12:56 of 2nd period - Chris Drury wins face-off versus Gilbert Brule in Nordiques zone.
13:07 of 2nd period - Slapshot by Johan Franzen.
13:07 of 2nd period - Deflect By Gilbert Brule.
13:07 of 2nd period - Stopped by Martin Brodeur with a rebound.
13:27 of 2nd period - Wrist shot by Milan Hejduk.
13:27 of 2nd period - Stopped by Martin Brodeur without a rebound.
13:28 of 2nd period - Vaclav Prospal wins face-off versus Brandon Dubinsky in Nordiques zone.
13:47 of 2nd period - Slapshot by Vitaly Vishnevsky.
13:47 of 2nd period - Deflect By Milan Hejduk.
13:47 of 2nd period - Shot Misses the Net.
13:47 of 2nd period - Puck is out of play.
13:48 of 2nd period - Jarret Stoll wins face-off versus Gilbert Brule in Nordiques zone.
13:48 of 2nd period - Jarret Stoll is hit by Johan Franzen.
13:51 of 2nd period - Minor Penalty to Dmitry Kulikov for Hooking.
13:52 of 2nd period - Pascal Dupuis wins face-off versus Johan Franzen in Nordiques zone.
13:56 of 2nd period - Snap shot by Niklas Kronwall.
13:56 of 2nd period - Stopped by Ondrej Pavelec with a rebound.
13:58 of 2nd period - Snap shot by Niklas Kronwall.
13:58 of 2nd period - Stopped by Ondrej Pavelec with a rebound.
14:00 of 2nd period - Snap shot by Chris Drury.
14:00 of 2nd period - Stopped by Ondrej Pavelec without a rebound.
14:01 of 2nd period - Pascal Dupuis wins face-off versus Gilbert Brule in Senateurs zone.
14:28 of 2nd period - Snap shot by Thomas Vanek.
14:28 of 2nd period - Shot Misses the Net.
14:30 of 2nd period - Backhand shot by Johan Franzen.
14:30 of 2nd period - Deflect By Thomas Vanek.
14:30 of 2nd period - Shot Blocked by Pascal Dupuis.
14:30 of 2nd period - Puck is out of play.
14:31 of 2nd period - Pascal Dupuis wins face-off versus B.J. Crombeen in Nordiques zone.
15:51 of 2nd period - Penalty to Dmitry Kulikov is over, Dmitry Kulikov is back on ice.
16:17 of 2nd period - Jarret Stoll is hit by Vitaly Vishnevsky and loses puck.
17:12 of 2nd period - Milan Hejduk is hit by Chris Drury and loses puck.
17:31 of 2nd period - Dan Hamhuis is hit by Jarret Stoll and loses puck.
17:44 of 2nd period - Kyle Calder is hit by Vladimir Mihalik and loses puck.
17:51 of 2nd period - Wrist shot by Brenden Morrow.
17:51 of 2nd period - Shot Blocked by Kyle Calder.
17:53 of 2nd period - Snap shot by Brad Richards.
17:53 of 2nd period - Shot Blocked by Dmitry Kulikov.
18:13 of 2nd period - Slapshot by Ryan Ellis.
18:13 of 2nd period - Stopped by Ondrej Pavelec without a rebound.
18:14 of 2nd period - Chris Drury wins face-off versus Gilbert Brule in Senateurs zone.
18:15 of 2nd period - Snap shot by R.J. Umberger.
18:15 of 2nd period - Shot Misses the Net.
18:17 of 2nd period - Slapshot by Fedor Tyutin.
18:17 of 2nd period - Shot Blocked by Vitaly Vishnevsky.
18:19 of 2nd period - Slapshot by Fedor Tyutin.
18:19 of 2nd period - Stopped by Ondrej Pavelec without a rebound.
18:20 of 2nd period - Chris Drury wins face-off versus Gilbert Brule in Senateurs zone.
18:29 of 2nd period - Snap shot by Jean-Pierre Dumont.
18:29 of 2nd period - Shot Misses the Net.
18:47 of 2nd period - Snap shot by Thomas Vanek.
18:47 of 2nd period - Shot Misses the Net.
19:11 of 2nd period - Snap shot by Matt Moulson.
19:11 of 2nd period - Shot Blocked by Dan Hamhuis.
19:13 of 2nd period - Snap shot by Matt Moulson.
19:13 of 2nd period - Stopped by Ondrej Pavelec with a rebound.
19:15 of 2nd period - Snap shot by Matt Moulson.
19:15 of 2nd period - Shot Misses the Net.
19:19 of 2nd period - Snap shot by Michael Ryder.
19:19 of 2nd period - Shot Blocked by Kurtis Foster.
Goals for this period are 1 for Senateurs vs 1 for Nordiques.
Shots for this period are 23 for Senateurs vs 17 for Nordiques.

3rd period


0:01 of 3rd period - Chris Drury wins face-off versus Gilbert Brule in neutral zone.
0:25 of 3rd period - Kurtis Foster is hit by Dustin Byfuglien and loses puck.
0:34 of 3rd period - Slapshot by Nikita Kucherov.
0:34 of 3rd period - Stopped by Ondrej Pavelec with a rebound.
0:53 of 3rd period - Slapshot by Niklas Kronwall.
0:53 of 3rd period - Stopped by Ondrej Pavelec without a rebound.
0:54 of 3rd period - Gilbert Brule wins face-off versus Chris Drury in Senateurs zone.
0:54 of 3rd period - Gilbert Brule is hit by Jean-Pierre Dumont.
1:29 of 3rd period - Snap shot by B.J. Crombeen.
1:29 of 3rd period - Shot Misses the Net.
1:48 of 3rd period - Matt Moulson is hit by Vladimir Mihalik and loses puck.
2:06 of 3rd period - Off-side.
2:07 of 3rd period - Chris Drury wins face-off versus Gilbert Brule in neutral zone.
2:10 of 3rd period - Snap shot by Dustin Byfuglien.
2:10 of 3rd period - Stopped by Ondrej Pavelec without a rebound.
2:11 of 3rd period - Gilbert Brule wins face-off versus Chris Drury in Senateurs zone.
2:11 of 3rd period - Gilbert Brule is hit by Chris Drury.
2:25 of 3rd period - Snap shot by R.J. Umberger.
2:25 of 3rd period - Stopped by Ondrej Pavelec with a rebound.
2:27 of 3rd period - Wrist shot by Jean-Pierre Dumont.
2:27 of 3rd period - Stopped by Ondrej Pavelec with a rebound.
3:03 of 3rd period - Andrew Ebbett is hit by Kyle Calder and loses puck.
4:05 of 3rd period - Wrist shot by Brad Richards.
4:05 of 3rd period - Stopped by Martin Brodeur with a rebound.
4:19 of 3rd period - Andy McDonald is hit by Matt Moulson and loses puck.
4:28 of 3rd period - Slapshot by Ryan Ellis.
4:28 of 3rd period - Shot Blocked by Vladimir Mihalik.
5:00 of 3rd period - Wrist shot by Nikolai Kulemin.
5:00 of 3rd period - Shot Blocked by Gilbert Brule.
5:45 of 3rd period - Minor Penalty to Andy McDonald for Hooking.
5:46 of 3rd period - Chris Drury wins face-off versus Gilbert Brule in Senateurs zone.
7:44 of 3rd period - Matt Moulson is hit by Gilbert Brule and loses puck.
7:45 of 3rd period - Penalty to Andy McDonald is over, Andy McDonald is back on ice.
8:03 of 3rd period - Icing by Vladimir Mihalik.
8:04 of 3rd period - Andy McDonald wins face-off versus Rich Peverley in Senateurs zone.
8:36 of 3rd period - Slapshot by Brenden Morrow.
8:36 of 3rd period - Shot Blocked by Niklas Kronwall.
8:55 of 3rd period - Kyle Calder is hit by George Parros and loses puck.
9:47 of 3rd period - Jarret Stoll is hit by Milan Hejduk and loses puck.
10:42 of 3rd period - Wrist shot by Kyle Calder.
10:42 of 3rd period - Deflect By Nikita Kucherov.
10:42 of 3rd period - Shot Misses the Net.
10:42 of 3rd period - Puck is out of play.
10:43 of 3rd period - Vaclav Prospal wins face-off versus Brandon Dubinsky in Senateurs zone.
10:44 of 3rd period - Snap shot by Kyle Calder.
10:44 of 3rd period - Shot Misses the Net.
11:00 of 3rd period - Minor Penalty to Vaclav Prospal for Hooking.
11:01 of 3rd period - Pascal Dupuis wins face-off versus Gilbert Brule in Nordiques zone.
11:06 of 3rd period - T.J. Fast is hit by Johan Franzen and loses puck.
11:31 of 3rd period - T.J. Fast is hit by Brenden Morrow and loses puck.
13:00 of 3rd period - Penalty to Vaclav Prospal is over, Vaclav Prospal is back on ice.
13:06 of 3rd period - Ryan Ellis is hit by Darcy Hordichuk and loses puck.
13:15 of 3rd period - Wrist shot by Darcy Hordichuk.
13:15 of 3rd period - Shot Misses the Net.
13:17 of 3rd period - Snap shot by Milan Hejduk.
13:17 of 3rd period - Shot Misses the Net.
14:02 of 3rd period - Jean-Pierre Dumont is hit by Thomas Vanek.
14:30 of 3rd period - Vitaly Vishnevsky is hit by Jarret Stoll and loses puck.
15:01 of 3rd period - Brad Richards is hit by Vaclav Prospal and loses puck.
15:56 of 3rd period - Dmitry Kulikov is hit by Vladimir Mihalik and loses puck.
16:33 of 3rd period - Snap shot by Andrew Ebbett.
16:33 of 3rd period - Shot Blocked by Ryan Ellis.
17:16 of 3rd period - T.J. Fast is hit by Milan Hejduk and loses puck.
17:21 of 3rd period - Snap shot by Darcy Hordichuk.
17:21 of 3rd period - Deflect By Brandon Dubinsky.
17:21 of 3rd period - Deflect By Matt Moulson.
17:21 of 3rd period - Shot Blocked by T.J. Fast.
17:21 of 3rd period - Puck is out of play.
17:22 of 3rd period - Brandon Dubinsky wins face-off versus Pascal Dupuis in Nordiques zone.
18:03 of 3rd period - Icing by Kurtis Foster.
18:04 of 3rd period - Nikita Kucherov wins face-off versus Gilbert Brule in Senateurs zone.
18:15 of 3rd period - Wrist shot by Thomas Vanek.
18:15 of 3rd period - Shot Misses the Net.
18:17 of 3rd period - Snap shot by Gilbert Brule.
18:17 of 3rd period - Stopped by Martin Brodeur without a rebound.
18:18 of 3rd period - Brad Richards wins face-off versus Jarret Stoll in Nordiques zone.
18:31 of 3rd period - Snap shot by Brenden Morrow.
18:31 of 3rd period - Deflect By Brad Richards.
18:31 of 3rd period - Shot Blocked by Michael Ryder.
18:31 of 3rd period - Puck is out of play.
18:32 of 3rd period - Jarret Stoll wins face-off versus Gilbert Brule in Nordiques zone.
18:32 of 3rd period - Jarret Stoll is hit by Thomas Vanek.
18:39 of 3rd period - Off-side.
18:40 of 3rd period - Jarret Stoll wins face-off versus Gilbert Brule in neutral zone.
18:45 of 3rd period - Icing by Vitaly Vishnevsky.
18:46 of 3rd period - Gilbert Brule wins face-off versus Jarret Stoll in Senateurs zone.
18:46 of 3rd period - Gilbert Brule is hit by Fedor Tyutin.
18:58 of 3rd period - Wrist shot by Johan Franzen.
18:58 of 3rd period - Stopped by Martin Brodeur with a rebound.
19:10 of 3rd period - Slapshot by Gilbert Brule.
19:10 of 3rd period - Shot Blocked by Dustin Byfuglien.
19:12 of 3rd period - Snap shot by Vitaly Vishnevsky.
19:12 of 3rd period - Shot Blocked by Fedor Tyutin.
19:40 of 3rd period - Snap shot by Johan Franzen.
19:40 of 3rd period - Deflect By Thomas Vanek.
19:40 of 3rd period - Goal by Thomas Vanek - Senateurs : 4 - Nordiques : 1.
19:41 of 3rd period - Chris Drury wins face-off versus Brad Richards in neutral zone.
19:44 of 3rd period - B.J. Crombeen is hit by R.J. Umberger and loses puck.
19:51 of 3rd period - Slapshot by Chris Drury.
19:51 of 3rd period - Deflect By Jean-Pierre Dumont.
19:51 of 3rd period - Shot Blocked by Dan Hamhuis.
19:51 of 3rd period - Puck is out of play.
19:52 of 3rd period - Brad Richards wins face-off versus Chris Drury in Senateurs zone.
19:57 of 3rd period - Chris Drury is hit by Brenden Morrow and loses puck.
Goals for this period are 1 for Senateurs vs 0 for Nordiques.
Shots for this period are 4 for Senateurs vs 5 for Nordiques.